 Dungeon Crawl Stone Soup version 0.22-a0-147-gfdd7f25 (webtiles) character file.

6 varam the Caller (level 1, 0/13 HPs)
             Began as a Gnoll Summoner on Feb 7, 2018.
             Succumbed to an adder's poison
             ... on level 1 of the Dungeon.
             The game lasted 00:02:27 (656 turns).

varam the Caller (Gnoll Summoner)                    Turns: 656, Time: 00:02:27

Health: 0/13       AC:  2    Str: 10    XL:     1   Next: 90%
Magic:  3/6        EV: 14    Int: 17    God:
Gold:   89         SH:  0    Dex: 15    Spells: 8/9 levels left

rFire    . . .     SeeInvis .   (no weapon)
rCold    . . .     Gourm    .   (no shield)
rNeg     . . .     Faith    .   a - +0 robe
rPois    .         Spirit   .   (no helmet)
rElec    .         Reflect  .   (no cloak)
rCorr    .         Harm     .   (no gloves)
MR       .....                  (no boots)
Stlth    +++.......             (no amulet)
HPRegen  0.04/turn              (no ring)
MPRegen  0.10/turn              (no ring)

@: lethally poisoned (0 -> -4)
A: distributed training, fangs 1, strong nose
a: no special abilities


You were on level 1 of the Dungeon.
You were not hungry.

You visited 1 branch of the dungeon, and saw 2 of its levels.

You collected 89 gold pieces.

Inventory:

Armour
 a - a +0 robe (worn)
Scrolls
 d - 2 scrolls of fear {unknown}
 e - a scroll of identify {unknown}
 k - a scroll of random uselessness {unknown}
Potions
 f - a potion of resistance {unknown}
 g - a potion of mutation {unknown}
 h - a potion of curing {unknown}
 j - a potion of cancellation {unknown}
Books
 b - a book of Callings

   Spells                             Type                      Level
   a - Summon Small Mammal            Summoning                    1
   b - Call Imp                       Summoning                    2
   c - Call Canine Familiar           Summoning                    3
   d - Summon Guardian Golem          Hexes/Summoning              3
   e - Summon Lightning Spire         Summoning/Air                4
   f - Summon Ice Beast               Ice/Summoning                4
Comestibles
 c - 2 rations
 i - a chunk of flesh


   Skills:
 + Level 0.1 Fighting
 + Level 0.1 Short Blades
 + Level 0.1 Long Blades
 + Level 0.1 Axes
 + Level 0.1 Maces & Flails
 + Level 0.1 Polearms
 + Level 0.1 Staves
 + Level 0.1 Slings
 + Level 0.1 Bows
 + Level 0.1 Crossbows
 + Level 0.1 Throwing
 + Level 0.1 Armour
 + Level 4.4 Dodging
 + Level 4.0 Stealth
 + Level 0.1 Shields
 + Level 0.1 Unarmed Combat
 + Level 4.9 Spellcasting
 + Level 0.1 Conjurations
 + Level 0.1 Hexes
 + Level 0.1 Charms
 + Level 7.0 Summonings
 + Level 0.1 Necromancy
 + Level 0.1 Translocations
 + Level 0.1 Transmutations
 + Level 0.1 Fire Magic
 + Level 0.1 Ice Magic
 + Level 0.1 Air Magic
 + Level 0.1 Earth Magic
 + Level 0.1 Poison Magic
 + Level 0.2 Invocations
 + Level 0.1 Evocations


You had 8 spell levels left.
You knew the following spells:

 Your Spells              Type           Power        Failure   Level  Hunger
a - Summon Small Mammal   Summ           ####         1%          1    None


Dungeon Overview and Level Annotations

Branches:
Dungeon (2/15)

Altars:

Annotations:
D:2 Terence


Innate Abilities, Weirdness & Mutations

Your experience applies equally to all skills.
You have very sharp teeth.
Your uncanny sense of smell can sniff out nearby items.


Message History

You hit the adder but do no damage.
Your bat hits the adder but does no damage.
The adder completely misses you.
Your quokka bites Terence.
You closely miss the adder.
Your bat hits the adder but does no damage.
The adder bites you.
Your bat hits Terence but does no damage.
Your bat closely misses the adder.
The adder barely misses you.
Your quokka bites Terence but does no damage.
Your bat hits Terence but does no damage.
Terence hits your bat with a flail. The adder bites you but does no damage.
You climb upwards.
There is a stone staircase leading down here.
Casting: Summon Small Mammal (safe; 1% risk of failure)
Confirm with . or Enter, or press ? or * to list all spells.
The adder bites you.
* * * LOW HITPOINT WARNING * * *
You are lethally poisoned!
The adder poisons you!
You die...

#..######.#.## #.#
#. #............#
#.# #[
##...#####.#..#
#.# #.
#.............#
#.# ##
#.)...........#
#.# ####
#..........#b.#
#.#####...
#.#.########..#
#.......#.
####.#..#
#>S######.#####...
#....##.#
#@........## ####
#.#####.#
#.######...# #.#
#.# #.# ###...###
# #.# #.# #.#
#.......##### #.#
#.# #.#
#............ #.#
#.# #.#
#.......####. #.#
###.# #.#
##....### #. #.#
#...#######.#
#....# #. #.#
#.#.........#
#.#.##### #.


You could see an adder and a friendly bat.

Vanquished Creatures
  3 goblins (D:1)
  A rat (D:1)
4 creatures vanquished.

Vanquished Creatures (collateral kills)
  A bat (D:1)
  A goblin (D:1)
2 creatures vanquished.

Grand Total: 6 creatures vanquished

Notes
Turn   | Place    | Note
-------+----------+-------------------------------------------
     0 | D:1      | varam the Gnoll Summoner began the quest for the Orb.
     0 | D:1      | Reached XP level 1. HP: 13/13 MP: 6/6
   647 | D:2      | Noticed Terence
   655 | D:1      | HP: 1/13 [adder (4)]
   656 | D:1      | Succumbed to an adder's poison

Vault maps used:
D:1:      saegor_arrival_simple_e
D:2:      guppyfry_early_lair_pool, uniq_robin, uniq_sigmund, uniq_terence

Action                   || total
-------------------------++-------
Melee: Unarmed           ||    20
       Bite              ||     2
 Cast: Summon Small Mamm ||     8
 Stab: Distracted        ||     1
Armor: Robe              ||     4
Dodge: Dodged            ||    11

Table legend:
 A = Spawn XP
 B = Non-spawn XP
 C = Spawn XP percentage of total XP
 D = Spawn monster count
 E = Non-spawn monster count
 F = Spawn count percentage of total count
 G = Total turns spent on level
                    A         B        C        D         E        F      G
               +---------+---------+-------+---------+---------+-------+---------
         Total |       0 |       9 |   0.0 |       0 |       6 |   0.0 |   656
               +---------+---------+-------+---------+---------+-------+---------
           D:1 |       0 |       9 |   0.0 |       0 |       6 |   0.0 |   648
               +---------+---------+-------+---------+---------+-------+---------
